 Dungeon Crawl Stone Soup version 0.29.1-15-g9cfb28693d (webtiles) character file.

Game seed: 13567661694973571084

143 Ioian the Grave Robber (level 5, -2/38 HPs)
             Began as a Mummy Necromancer on Mar 30, 2023.
             Killed by divine providence
             ... invoked by an orc priest
              (12 damage)
             ... on level 4 of the Dungeon.
             The game lasted 00:25:14 (2632 turns).

Ioian the Grave Robber (Mummy Necromancer)          Turns: 2632, Time: 00:25:14

Health: -2/38      AC:  4    Str: 11    XL:     5   Next: 4%
Magic:  0/11       EV: 12    Int: 16    God:
Gold:   204        SH:  0    Dex: 13    Spells: 4/12 levels left

rFire   x . .      SeeInvis .   b - +0 dagger
rCold   + . .      Faith    .   (no shield)
rNeg    + + +      Spirit   .   a - +0 robe
rPois   ∞          Reflect  .   i - +0 helmet
rElec   .          Harm     .   (no cloak)
rCorr   .          Rampage  .   c - +0 pair of gloves
Will    .....                   (no boots)
Stlth   ++........              (no amulet)
HPRegen 0.12/turn               (no ring)
MPRegen 0.12/turn               (no ring)

@: no status effects
A: cold resistance 1, negative energy resistance 3, torment resistance 2, heat
vulnerability 1, in touch with death 1, no potions
a: no special abilities


You were on level 4 of the Dungeon.
You visited 1 branch of the dungeon, and saw 4 of its levels.

You collected 204 gold pieces.

Inventory:

Hand Weapons
 b - a +0 dagger (weapon)
 n - a +0 short sword of protection
Armour
 a - a +0 robe (worn)
 c - a +0 pair of gloves (worn)
 d - a +0 ring mail
 h - a +0 scale mail
 i - a +0 helmet (worn)
 m - a +0 pair of gloves
Jewellery
 k - a +6 ring of dexterity
 p - a ring of protection from fire
Scrolls
 e - a scroll of noise {unknown}
 f - a scroll of identify {unknown}
 g - a scroll of amnesia {unknown}
 j - 2 scrolls of magic mapping {unknown}
 l - a scroll of immolation {unknown}
 o - 2 scrolls of enchant armour {unknown}


   Skills:
 + Level 2.2 Fighting
 - Level 1.5 Dodging
 - Level 1.5 Stealth
 + Level 4.0 Spellcasting
 * Level 5.2 Necromancy


You had 4 spell levels left.
You knew the following spells:

 Your Spells              Type           Power      Damage    Failure   Level
a - Necrotise             Necr           100%       1d9       1%          1
b - Vampiric Draining     Necr           30%        2d8       6%          3
c - Animate Dead          Necr           30%        N/A       19%         4

Your spell library contained the following spells:

 Spells                   Type           Power      Damage    Failure   Level
 Confusing Touch          Hex            3%         N/A       45%         3
 Agony                    Necr           30%        N/A       47%         5
 Yara's Violent Unravell  Hex/Tmut       1%         3d3       99%         5
 Enfeeble                 Hex            1%         N/A       100%        7


Dungeon Overview and Level Annotations

Branches:
Dungeon (4/15)
 Temple: D:4-7

Altars:

Shops:
D:3 =


Innate Abilities, Weirdness & Mutations

You are immune to poison.
Your flesh is cold resistant. (rC+)
You are immune to negative energy. (rN+++)
You are immune to unholy pain and torment.
You are vulnerable to heat. (rF-)
You are in touch with the powers of death.
You do not drink.


Message History

Confirm with . or Enter, or press ? or * to list all spells.
Aiming: Necrotise (safe; 1% risk of failure)
Press: ? - help, Shift-Dir - straight line, f - orc priest
Aim: an orc priest, wielding a +0 dagger (ally target, chance to affect: 83%)
You feel a surge of power!
The orc priest writhes in agony.
Casting: Necrotise (safe; 1% risk of failure)
Confirm with . or Enter, or press ? or * to list all spells.
Aiming: Necrotise (safe; 1% risk of failure)
Press: ? - help, Shift-Dir - straight line, f/p - orc priest
Aim: an orc priest, wielding a +0 dagger (moderately wounded, ally target, chance to affect: 83%)
You feel a surge of power!
The orc priest barely resists.
The orc priest barely misses you.
Casting: Necrotise (safe; 1% risk of failure)
Confirm with . or Enter, or press ? or * to list all spells.
Aiming: Necrotise (safe; 1% risk of failure)
Press: ? - help, Shift-Dir - straight line, f/p - orc priest
Aim: an orc priest, wielding a +0 dagger (moderately wounded, ally target, chance to affect: 83%)
You feel a surge of power!
The orc priest barely resists.
Your orc wizard skeleton hits the orc priest.
The orc priest invokes the aid of Beogh against you.
Beogh smites you!
The orc priest looks braver for a moment.
Your orc wizard skeleton hits the orc priest but does no damage.
The orc priest hits your orc wizard skeleton with a +0 dagger.
Your orc wizard skeleton misses the orc priest.
The orc priest hits your orc wizard skeleton with a +0 dagger.
Your orc wizard skeleton hits the orc priest but does no damage.
The orc priest mumbles some strange prayers to Beogh against you.
Beogh smites you!
* * * LOW HITPOINT WARNING * * *
Casting: Necrotise (safe; 1% risk of failure)
Confirm with . or Enter, or press ? or * to list all spells.
Aiming: Necrotise (safe; 1% risk of failure)
Press: ? - help, Shift-Dir - straight line, f/p - orc priest
Aim: an orc priest, wielding a +0 dagger (moderately wounded, ally target, chance to affect: 83%)
You feel a surge of power!
The orc priest writhes in agony.
Your orc wizard skeleton barely misses the orc priest.
The orc priest invokes the aid of Beogh against you.
Beogh smites you!
You die...

#....$.....#....$........#
#......#.#.#.............#
#......# ..###...?.......##
#.####.###...#..o.......).#####
#........#.#.#.Z(..............
#####......#...................
####.........[...##.......#
###...........##.......#
#).<.@......##.......'
#...........##.......#
#...........##.......#
#.##'######..........#
#.##.#<...'..........#
#.##.######..........# #.##.#
#..........# #.##.#
#..........# #.##.#
#..........#


You could see an orc priest (ally target) and a friendly orc wizard skeleton.

Vanquished Creatures
  A jelly (D:4)
  An orc wizard (D:4)
  2 adders (D:2)
  An ufetubus (D:3)
  A worm (D:2)
  A dart slug (D:3)
  2 orcs
  4 bats
  5 endoplasms
  2 giant cockroaches (D:2)
  6 goblins
  7 hobgoblins
  8 kobolds
  2 quokkas
  2 ball pythons
  2 frilled lizards
  2 rats
  A spectral hobgoblin (D:1)
50 creatures vanquished.

Vanquished Creatures (collateral kills)
  A worm (D:4)
  A ball python (D:1)
  A hobgoblin (D:2)
  2 rats
5 creatures vanquished.

Grand Total: 55 creatures vanquished

Notes
Turn   | Place    | Note
-------+----------+-------------------------------------------
     0 | D:1      | Ioian the Mummy Necromancer began the quest for the Orb.
     0 | D:1      | Reached XP level 1. HP: 13/13 MP: 4/4
   317 | D:1      | Reached XP level 2. HP: 20/20 MP: 4/6
   559 | D:1      | Reached skill level 1 in Fighting
   925 | D:1      | Found a faded altar of an unknown god.
  1086 | D:2      | Gained mutation: You are in touch with the powers of death.
                  | [Mummy growth]
  1086 | D:2      | Reached XP level 3. HP: 26/26 MP: 2/7
  1630 | D:3      | Identified the +7 dagger "Bowycs" {spect, rN+}
  1734 | D:3      | Reached XP level 4. HP: 33/33 MP: 7/9
  1805 | D:3      | Found Bose Hippi's Jewellery Shoppe.
  2461 | D:3      | Learned a level 3 spell: Vampiric Draining
  2466 | D:3      | Learned a level 4 spell: Animate Dead
  2552 | D:4      | Reached skill level 5 in Necromancy
  2625 | D:4      | Reached XP level 5. HP: 31/38 MP: 3/11
  2632 | D:4      | Killed from afar by an orc priest

Illustrated notes

Levels and vault maps discovered:
D:1:      minmay_arrival_arboretum_small, layout_basic, serial_aquarium,
          aquarium_bridge_straight [aquarium_subvault_bridge,
          aquarium_subvault_wall, aquarium_subvault_bridge,
          aquarium_subvault_balcony], aquarium_window_fake, aquarium_window_2,
          aquarium_view_2c, aquarium_view_2e, aquarium_balcony_3a,
          aquarium_pool_double, dreamdust_ecumenical_altar_drowned_temple
D:2:      layout_rooms
D:3:      layout_basic, serial_shops,
          nicolae_shop_temple_entry_statues_fountains,
          chequers_serial_rivers_micro_e
D:4:      layout_basic, serial_shops, shop, uniq_sigmund

Skill      XL: |  1  2  3  4 |
---------------+-------------+-----
Spellcasting   | 3 4 |  4.0
Fighting       | 1 2 |  2.2
Necromancy     | 5 |  5.2
Dodging        | |  1.5
Stealth        | |  1.5

Action                   |  1- 3 |  4- 6 || total
-------------------------+-------+-------++-------
Melee: Dagger            |    30 |    10 ||    40
 Cast: Necrotise         |    64 |    31 ||    95
Armor: Robe              |     8 |     8 ||    16
Dodge: Dodged            |    29 |    31 ||    60
